[ AOE2 MATCH · #504597244 ]
UnrankedCumans vs Franks
Player's team · LOSS
Rival team · WIN
[ REPLAY ANALYSIS · EXTRACTED FROM THE RECORDED GAME ]
Feudal
11:38
Castle
27:45
Imperial
—
| APM avg | 69.5 |
| APM peak | 132 |
| eAPM avg | 29.7 |
| Villagers / military | 123 / 117 |
Focus
⚔️ 29.5% · 🌾 70.5%
Spearman ×52 · Archer ×15 · Skirmisher ×15 · Militia ×13 · Kipchak ×12 · Cavalry Archer ×6
Feudal
9:17
Castle
22:50
Imperial
39:29
| APM avg | 61.6 |
| APM peak | 93 |
| eAPM avg | 25.8 |
| Villagers / military | 129 / 77 |
Focus
⚔️ 35.4% · 🌾 64.6%
Knight ×43 · Skirmisher ×9 · Archer ×7 · Scout Cavalry ×6 · Throwing Axeman ×4 · Scorpion ×3
Match map
Initial resources + every placement click. Lines = walls · curves = elevation contours. ◆ gold · ⬟ stone · ● berries · ✦ relic · ◌ wall gap
Your base· ✓ Closed at 27:45 · 54t walls · no gate
Don Magon's base· Open — opponent sealed themselves in
Smoothed initial terrain · ◌ = detected wall gap · hover for details
Inputs per minute
— Berrante - - Don Magon
Build order — Berrante
First 150 of 387 actions detected
| 0:00 | Queue | Villager (Male) |
| 0:00 | Queue | Villager (Male) |
| 0:02 | Build | House |
| 0:02 | Build | House |
| 0:08 | Queue | Villager (Male) |
| 0:08 | Queue | Villager (Male) |
| 1:22 | Queue | Villager (Male) |
| 1:52 | Queue | Villager (Male) |
| 2:30 | Queue | Villager (Male) |
| 2:49 | Queue | Villager (Male) |
| 3:03 | Build | Barracks |
| 3:17 | Queue | Villager (Male) |
| 3:17 | Queue | Villager (Male) |
| 3:42 | Queue | Villager (Male) |
| 3:47 | Queue | Villager (Male) |
| 3:54 | Build | House |
| 4:04 | Queue | Militia |
| 4:13 | Queue | Villager (Male) |
| 4:18 | Research | Loom |
| 4:26 | Queue | Militia |
| 4:32 | Build | House |
| 4:36 | Queue | Villager (Male) |
| 4:55 | Queue | Villager (Male) |
| 5:23 | Queue | Villager (Male) |
| 5:25 | Build | House |
| 5:53 | Queue | Villager (Male) |
| 6:10 | Build | Mill |
| 6:12 | Queue | Villager (Male) |
| 6:30 | Queue | Villager (Male) |
| 7:05 | Queue | Villager (Male) |
| 7:26 | Queue | Villager (Male) |
| 7:36 | Build | Lumber Camp |
| 7:47 | Queue | Villager (Male) |
| 7:56 | Queue | Militia |
| 8:11 | Queue | Villager (Male) |
| 8:44 | Build | House |
| 8:50 | Queue | Villager (Male) |
| 9:28 | Research | Feudal Age |
| 9:28 | Research | Feudal Age |
| 9:33 | Build | Mill |
| 9:45 | Build | Farm |
| 9:57 | Queue | Militia |
| 9:57 | Queue | Militia |
| 10:03 | Build | Farm |
| 10:24 | Build | Farm |
| 10:32 | Build | Palisade Wall |
| 11:27 | Build | Mining Camp |
| 11:33 | Queue | Villager (Male) |
| 11:38 | Age | Feudal Age |
| 11:45 | Queue | Villager (Male) |
| 11:55 | Research | Double-Bit Axe |
| 11:56 | Queue | Villager (Male) |
| 11:59 | Build | Palisade Wall |
| 12:02 | Build | Palisade Wall |
| 12:08 | Queue | Spearman |
| 12:31 | Research | Man-at-Arms (upgrade) |
| 12:33 | Build | Farm |
| 12:35 | Queue | Villager (Male) |
| 12:38 | Build | Palisade Wall |
| 12:50 | Queue | Spearman |
| 12:52 | Build | Farm |
| 12:59 | Queue | Villager (Male) |
| 13:01 | Build | Farm |
| 13:03 | Queue | Spearman |
| 13:11 | Research | Arson |
| 13:21 | Build | House |
| 13:25 | Build | House |
| 13:26 | Build | House |
| 13:27 | Build | Palisade Wall |
| 13:40 | Research | Wheelbarrow |
| 13:54 | Build | Palisade Wall |
| 14:12 | Build | Archery Range |
| 14:25 | Queue | Villager (Male) |
| 14:38 | Build | Farm |
| 14:51 | Queue | Skirmisher |
| 15:00 | Queue | Skirmisher |
| 15:09 | Queue | Skirmisher |
| 15:11 | Queue | Villager (Male) |
| 15:24 | Queue | Skirmisher |
| 15:37 | Queue | Skirmisher |
| 15:46 | Queue | Villager (Male) |
| 16:02 | Queue | Villager (Male) |
| 16:05 | Build | Blacksmith |
| 16:12 | Queue | Skirmisher |
| 16:28 | Queue | Skirmisher |
| 16:38 | Queue | Skirmisher |
| 16:42 | Queue | Villager (Male) |
| 16:42 | Queue | Villager (Male) |
| 16:42 | Queue | Villager (Male) |
| 17:00 | Research | Fletching |
| 17:01 | Queue | Skirmisher |
| 17:01 | Queue | Skirmisher |
| 17:11 | Queue | Villager (Male) |
| 17:25 | Build | Lumber Camp |
| 17:40 | Queue | Skirmisher |
| 17:53 | Research | Padded Archer Armor |
| 17:53 | Queue | Skirmisher |
| 18:02 | Queue | Villager (Male) |
| 18:04 | Queue | Militia |
| 18:04 | Queue | Militia |
| 18:24 | Build | Archery Range |
| 18:26 | Build | House |
| 18:27 | Build | House |
| 18:39 | Queue | Militia |
| 18:49 | Queue | Villager (Male) |
| 18:50 | Queue | Militia |
| 18:52 | Build | Farm |
| 19:03 | Build | Farm |
| 19:05 | Queue | Archer |
| 19:15 | Queue | Villager (Male) |
| 19:19 | Queue | Archer |
| 19:30 | Build | Farm |
| 19:31 | Build | Farm |
| 19:32 | Build | Farm |
| 19:33 | Queue | Villager (Male) |
| 19:39 | Queue | Archer |
| 19:39 | Queue | Archer |
| 19:43 | Queue | Villager (Male) |
| 19:53 | Build | Palisade Wall |
| 20:05 | Queue | Villager (Male) |
| 20:07 | Queue | Archer |
| 20:25 | Queue | Militia |
| 20:27 | Build | Farm |
| 20:43 | Queue | Militia |
| 20:44 | Queue | Skirmisher |
| 20:45 | Queue | Skirmisher |
| 20:45 | Queue | Skirmisher |
| 20:45 | Queue | Archer |
| 20:46 | Queue | Archer |
| 20:47 | Queue | Archer |
| 20:47 | Queue | Archer |
| 20:53 | Build | Farm |
| 21:15 | Queue | Villager (Male) |
| 21:15 | Queue | Villager (Male) |
| 21:17 | Build | Farm |
| 21:25 | Queue | Archer |
| 21:26 | Queue | Archer |
| 21:26 | Queue | Archer |
| 21:47 | Queue | Villager (Male) |
| 21:49 | Build | House |
| 21:49 | Build | House |
| 22:25 | Queue | Militia |
| 22:25 | Queue | Militia |
| 22:28 | Build | House |
| 22:28 | Queue | Archer |
| 22:29 | Queue | Archer |
| 22:42 | Research | Horse Collar |
| 22:43 | Queue | Archer |
| 22:45 | Queue | Villager (Male) |
| 22:56 | Build | Farm |
Build order — Don Magon
First 150 of 374 actions detected
| 0:00 | Queue | Villager (Male) ×4 |
| 0:02 | Build | House |
| 0:04 | Build | House |
| 1:24 | Queue | Villager (Male) |
| 1:56 | Queue | Villager (Male) |
| 2:27 | Queue | Villager (Male) |
| 2:37 | Build | Lumber Camp |
| 2:48 | Queue | Villager (Male) |
| 3:05 | Queue | Villager (Male) |
| 3:19 | Queue | Villager (Male) |
| 3:34 | Queue | Villager (Male) |
| 3:48 | Build | House |
| 4:07 | Queue | Villager (Male) |
| 4:07 | Queue | Villager (Male) |
| 4:29 | Queue | Villager (Male) |
| 4:42 | Queue | Villager (Male) |
| 4:57 | Queue | Villager (Male) |
| 6:12 | Research | Loom |
| 6:28 | Queue | Villager (Male) |
| 6:36 | Build | Mill |
| 7:07 | Research | Feudal Age |
| 7:35 | Build | Palisade Gate |
| 7:37 | Build | Palisade Wall |
| 7:44 | Build | Palisade Wall |
| 7:45 | Build | Palisade Wall |
| 7:46 | Build | Palisade Wall |
| 8:02 | Build | House |
| 8:03 | Build | House |
| 8:56 | Queue | Villager (Male) |
| 9:17 | Age | Feudal Age |
| 9:19 | Queue | Villager (Male) |
| 9:21 | Research | Double-Bit Axe |
| 9:21 | Research | Double-Bit Axe |
| 9:47 | Queue | Villager (Male) |
| 9:58 | Queue | Villager (Male) |
| 10:10 | Queue | Villager (Male) |
| 10:15 | Build | House |
| 10:20 | Queue | Villager (Male) |
| 10:23 | Build | Farm |
| 10:25 | Build | Farm |
| 10:33 | Queue | Villager (Male) |
| 10:39 | Build | Barracks |
| 10:45 | Queue | Villager (Male) |
| 10:53 | Queue | Villager (Male) |
| 11:01 | Build | Mining Camp |
| 11:07 | Queue | Villager (Male) |
| 11:21 | Build | House |
| 11:28 | Build | House |
| 11:35 | Build | Palisade Wall |
| 11:53 | Queue | Villager (Male) |
| 11:59 | Build | Mining Camp |
| 12:00 | Queue | Villager (Male) |
| 12:04 | Queue | Villager (Male) |
| 12:08 | Build | Archery Range |
| 12:20 | Build | Palisade Wall |
| 12:22 | Build | Palisade Wall |
| 12:27 | Queue | Villager (Male) |
| 12:29 | Queue | Villager (Male) |
| 12:36 | Build | Farm |
| 12:39 | Queue | Villager (Male) |
| 12:45 | Queue | Archer |
| 12:48 | Queue | Villager (Male) |
| 12:59 | Queue | Villager (Male) |
| 13:03 | Build | Lumber Camp |
| 13:08 | Build | Farm |
| 13:09 | Queue | Skirmisher |
| 13:18 | Queue | Villager (Male) |
| 13:21 | Build | Farm |
| 13:35 | Build | House |
| 13:37 | Build | House |
| 13:44 | Queue | Skirmisher |
| 13:55 | Build | House |
| 14:10 | Build | House |
| 14:27 | Queue | Archer |
| 14:33 | Queue | Villager (Male) |
| 14:37 | Build | Mining Camp |
| 15:03 | Build | Palisade Gate |
| 15:06 | Queue | Archer |
| 15:12 | Build | Blacksmith |
| 15:21 | Queue | Villager (Male) |
| 15:25 | Build | Palisade Wall |
| 15:27 | Build | House |
| 15:28 | Build | Palisade Wall |
| 15:32 | Build | Farm |
| 15:33 | Build | Farm |
| 15:46 | Build | Farm |
| 15:54 | Research | Fletching |
| 15:55 | Queue | Villager (Male) |
| 16:00 | Build | Palisade Wall |
| 16:09 | Queue | Archer |
| 16:28 | Build | Farm |
| 16:44 | Queue | Skirmisher |
| 17:01 | Queue | Skirmisher |
| 17:01 | Queue | Skirmisher |
| 17:10 | Queue | Villager (Male) |
| 17:13 | Queue | Skirmisher |
| 17:17 | Build | Farm |
| 17:30 | Build | Palisade Wall |
| 18:01 | Queue | Skirmisher |
| 18:01 | Queue | Skirmisher |
| 18:02 | Queue | Villager (Male) |
| 18:04 | Build | Stable |
| 18:38 | Queue | Scout Cavalry |
| 18:39 | Build | House |
| 18:59 | Queue | Archer |
| 19:13 | Queue | Archer |
| 19:15 | Build | Market |
| 19:32 | Queue | Scout Cavalry |
| 19:32 | Queue | Scout Cavalry |
| 19:41 | Build | Farm |
| 19:44 | Build | Farm |
| 19:53 | Build | Palisade Wall |
| 20:10 | Research | Castle Age |
| 20:45 | Queue | Scout Cavalry |
| 20:47 | Build | Archery Range |
| 20:48 | Queue | Villager (Male) |
| 21:01 | Queue | Villager (Male) |
| 21:07 | Build | Farm |
| 21:07 | Build | Farm |
| 21:07 | Build | Farm |
| 21:07 | Build | Farm |
| 21:07 | Build | Farm |
| 21:08 | Build | Farm |
| 21:13 | Queue | Skirmisher |
| 21:23 | Build | Gate |
| 21:31 | Queue | Archer |
| 21:32 | Queue | Scout Cavalry |
| 21:43 | Build | Palisade Wall |
| 21:46 | Build | House |
| 21:55 | Queue | Scout Cavalry |
| 22:11 | Build | Farm |
| 22:25 | Build | Farm |
| 22:32 | Build | Mining Camp |
| 22:43 | Build | Stable |
| 22:50 | Age | Castle Age |
| 22:52 | Queue | Knight |
| 22:53 | Queue | Knight |
| 22:54 | Research | Scale Barding Armor |
| 22:54 | Research | Scale Barding Armor |
| 23:22 | Queue | Villager (Male) |
| 23:25 | Queue | Knight |
| 23:25 | Queue | Knight |
| 23:35 | Queue | Villager (Male) |
| 23:46 | Build | Farm |
| 23:46 | Build | House |
| 23:51 | Queue | Knight |
| 23:51 | Queue | Knight |
| 23:55 | Queue | Villager (Male) |
| 23:55 | Queue | Villager (Male) |
| 24:09 | Queue | Knight |
Match timeline
| 3:03 | Berrante · first_building Barracks |
| 7:37 | Don Magon · wall_segment Palisade Wall x1 |
| 7:44 | Don Magon · wall_segment Palisade Wall x2 |
| 7:45 | Don Magon · wall_segment Palisade Wall x1 |
| 7:46 | Don Magon · wall_segment Palisade Wall x1 |
| 9:17 | Don Magon · age_up feudal |
| 10:32 | Berrante · wall_segment Palisade Wall x6 |
| 10:39 | Don Magon · first_building Barracks |
| 11:35 | Don Magon · wall_segment Palisade Wall x1 |
| 11:38 | Berrante · age_up feudal |
| 11:59 | Berrante · wall_segment Palisade Wall x1 |
| 12:02 | Berrante · wall_segment Palisade Wall x13 |
| 12:08 | Don Magon · first_building Archery Range |
| 12:20 | Don Magon · wall_segment Palisade Wall x1 |
| 12:22 | Don Magon · wall_segment Palisade Wall x1 |
| 12:38 | Berrante · wall_segment Palisade Wall x1 |
| 13:27 | Berrante · wall_segment Palisade Wall x1 |
| 13:54 | Berrante · wall_segment Palisade Wall x12 |
| 14:12 | Berrante · first_building Archery Range |
| 15:25 | Don Magon · wall_segment Palisade Wall x1 |
| 15:28 | Don Magon · wall_segment Palisade Wall x1 |
| 16:00 | Don Magon · wall_segment Palisade Wall x7 |
| 17:30 | Don Magon · wall_segment Palisade Wall x1 |
| 18:04 | Don Magon · first_building Stable |
| 19:53 | Don Magon · wall_segment Palisade Wall x2 |
| 19:53 | Berrante · wall_segment Palisade Wall x15 |
| 20:05 | Don Magon · first_market_buy 100 food |
| 21:43 | Don Magon · wall_segment Palisade Wall x1 |
| 22:40 | Don Magon · first_market_sell 100 stone |
| 22:50 | Don Magon · age_up castle |
| 24:43 | Don Magon · first_building Monastery |
| 25:28 | Berrante · wall_segment Palisade Wall x1 |
| 26:35 | Berrante · wall_segment Palisade Wall x1 |
| 27:32 | Berrante · wall_segment Palisade Wall x1 |
| 27:35 | Berrante · wall_segment Palisade Wall x1 |
| 27:38 | Berrante · wall_segment Palisade Wall x2 |
| 27:45 | Berrante · age_up castle |
| 28:11 | Berrante · wall_segment Palisade Wall x1 |
| 28:13 | Berrante · wall_segment Palisade Wall x2 |
| 28:43 | Berrante · first_building Stable |
| 29:30 | Don Magon · first_building Siege Workshop |
| 29:50 | Berrante · first_building Siege Workshop |
| 30:00 | Berrante · wall_segment Palisade Wall x1 |
| 30:02 | Berrante · wall_segment Palisade Wall x1 |
| 30:03 | Berrante · wall_segment Palisade Wall x1 |
| 31:26 | Berrante · first_market_buy 100 wood |
| 32:57 | Don Magon · first_building Castle |
| 34:36 | Berrante · first_building Castle |
| 38:21 | Don Magon · wall_segment Stone Wall x15 |
| 39:29 | Don Magon · age_up imperial |
| 41:05 | Berrante · resign |
[ AI ANALYSIS · 1 CREDIT ]
What really happened in this match?
Wolo.gg analyzes every decision: build order, eco, micro, common mistakes by bracket. Personalized analysis on WhatsApp or Discord in 30 seconds.
Civ guide
Cumans
Perfil
Jugador #567639